AoeStats
← Mbapone

Arena

507958620Analyzed
4v4 RM · 11d ago on Sep 20, 2026· 51m 52s· 8 players
Game mode
Random Map
Map size
Large (8 player)
Population
200
Speed
Normal
Resources
Standard
Victory
Conquest
Starting age
Dark Age
Ending age
Imperial Age
RankedLock teamsTeams togetherTeam positionsShared explorationLock speedFull tech treeHidden civsTurbo modeCheats
Victory
Defeat
🇪🇸 Ethiopians · Spain
1294
+11
🇨🇳 Italians · China
1262
+12
🇫🇮 Cumans · Finland
1115
+18
🇹🇼 Slavs · Taiwan
1111
+17
🇨🇭 Bengalis · Switzerland
1198
-16
🇦🇹 Japanese · Austria
1175
-15
🇨🇭 Romans · Switzerland
1157
-14
🇩🇪 Armenians · Germany
1129
-13
noob.dogg
10:55 Feudal Age
9:13 Loom
15:22 Castle Age
13:54 Double-Bit Axe
14:49 Horse Collar
16:53 Bow Saw
16:54 Heavy Plow
18:16 Wheelbarrow
23:29 Hand Cart
24:05 Gold Mining
28:02 Forging
27:58 Scale Barding Armor
28:22 Bloodlines
30:03 Iron Casting
32:05 Imperial Age
30:04 Chain Barding Armor
30:11 Husbandry
31:23 Gold Shaft Mining
32:11 Elite Battle Elephant
33:33 Plate Barding Armor
33:35 Conscription
33:24 Paiks
36:33 Blast Furnace
37:33 Siege Elephant
37:50 Light Cavalry
38:31 Stone Mining
38:15 Heavy Scorpion
39:08 Siege Engineers
39:25 Ballistics
Repl4y
10:04 Feudal Age
15:31 Castle Age
13:29 Double-Bit Axe
14:31 Horse Collar
14:57 Man-at-Arms
16:22 Scale Mail Armor
17:59 Chain Mail Armor
18:25 Loom
18:43 Gold Mining
19:12 Squires
21:18 Wheelbarrow
20:32 Long Swordsman
22:16 Forging
26:01 Town Watch
26:31 Hand Cart
28:38 Bow Saw
35:31 Stone Mining
35:46 Heavy Plow
38:23 Imperial Age
38:26 Iron Casting
39:05 Onager
39:22 Legionary
42:11 Blast Furnace
41:30 Siege Engineers
42:26 Chemistry
42:00 Capped Ram
43:54 Gold Shaft Mining
43:33 Legionary
46:23 Siege Ram
49:04 Heavy Scorpion
50:29 Ballistics
49:55 Heavy Scorpion
50:25 Pikeman
51:43 Halberdier
K_o_n_d_o_m
3:12 Loom
13:53 Feudal Age
14:38 Horse Collar
14:46 Double-Bit Axe
14:53 Gold Mining
16:12 Wheelbarrow
17:39 Pikeman
18:38 Scale Mail Armor
18:49 Forging
19:49 Man-at-Arms
21:54 Long Swordsman
25:51 Castle Age
27:19 Halberdier
27:59 Squires
27:45 Gambesons
27:45 Arson
28:20 Chain Mail Armor
28:40 Iron Casting
28:14 Heavy Plow
28:28 Bow Saw
33:35 Gold Shaft Mining
33:37 Hand Cart
34:15 Fortified Wall
34:25 Ballistics
33:59 Heated Shot
41:09 Imperial Age
38:11 Two-Handed Swordsman
40:51 Murder Holes
41:12 Onager
42:17 Conscription
42:46 Plate Mail Armor
43:16 Blast Furnace
44:32 Masonry
45:23 Chemistry
Teufelchen
10:10 Feudal Age
14:00 Castle Age
12:31 Horse Collar
15:02 Loom
16:59 Man-at-Arms
17:41 Long Swordsman
18:59 Scale Mail Armor
19:04 Arson
19:47 Double-Bit Axe
25:03 Bow Saw
27:28 Wheelbarrow
28:04 Pikeman
30:11 Hand Cart
31:43 Forging
31:49 Chain Mail Armor
39:02 Fletching
39:16 Padded Archer Armor
38:59 Elite Skirmisher
42:42 Bodkin Arrow
46:24 Ballistics
46:33 Leather Archer Armor
Mbapone
7:31 Loom
9:47 Feudal Age
10:50 Double-Bit Axe
12:49 Horse Collar
17:20 Gold Mining
19:05 Wheelbarrow
21:46 Castle Age
21:52 Castle Age
21:36 Scale Barding Armor
23:05 Chain Barding Armor
23:42 Wheelbarrow
25:35 Heavy Plow
26:22 Town Watch
27:11 Bow Saw
28:54 Gold Shaft Mining
28:57 Bloodlines
29:51 Forging
33:00 Hand Cart
36:45 Iron Casting
36:39 Pikeman
37:25 Scale Mail Armor
38:29 Squires
41:08 Imperial Age
41:14 Fletching
41:47 Ballistics
41:13 Cavalier
42:35 Plate Barding Armor
43:01 Blast Furnace
42:17 Town Patrol
42:49 Crop Rotation
43:21 Two-Man Saw
42:34 Halberdier
42:58 Paladin
47:39 Conscription
47:51 Chain Mail Armor
51:20 Light Cavalry
Limako
10:02 Feudal Age
13:59 Castle Age
12:52 Double-Bit Axe
13:30 Fletching
13:48 Horse Collar
17:55 Crossbowman
21:58 Bodkin Arrow
33:35 Thumb Ring
36:33 Wheelbarrow
43:14 Hand Cart
43:06 Gold Mining
43:09 Stone Mining
43:38 Loom
47:57 Ballistics
48:34 Town Watch
51:20 Forging
55:01 Imperial Age
墨寞MOMO
11:43 Feudal Age
13:13 Loom
16:58 Castle Age
15:14 Double-Bit Axe
15:41 Horse Collar
17:56 Bow Saw
25:12 Wheelbarrow
24:57 Heavy Plow
27:13 Hand Cart
27:32 Gold Mining
27:32 Stone Mining
27:47 Man-at-Arms
28:42 Forging
28:32 Scale Mail Armor
32:14 Imperial Age
31:33 Town Watch
32:24 Gold Shaft Mining
32:10 Ballistics
31:46 Murder Holes
32:28 Iron Casting
32:08 Chain Mail Armor
31:43 Fletching
32:25 Squires
31:45 Pikeman
31:45 Long Swordsman
32:33 Halberdier
33:25 Siege Engineers
34:28 Conscription
33:41 Two-Handed Swordsman
36:03 Two-Man Saw
35:09 Champion
35:20 Capped Ram
36:38 Onager
38:38 Chemistry
38:18 Plate Mail Armor
38:38 Coinage
39:38 Siege Ram
41:02 Crop Rotation
41:44 Druzhina
44:02 Blast Furnace
42:58 Bodkin Arrow
43:15 Masonry
43:37 Siege Onager
48:30 Heavy Scorpion
卑牧之
10:28 Feudal Age
11:47 Double-Bit Axe
14:25 Castle Age
12:24 Horse Collar
15:26 Bow Saw
17:25 Loom
17:34 Gold Mining
25:13 Imperial Age
24:12 Heavy Plow
26:21 Wheelbarrow
26:57 Chemistry
26:32 Padded Archer Armor
28:54 Stone Mining
30:35 Two-Man Saw
30:41 Leather Archer Armor
31:08 Ballistics
30:59 Masonry
35:14 Conscription
35:05 Pirotechnia
36:29 Ring Archer Armor
36:02 Fletching
39:54 Fortified Wall
39:55 Masonry
40:06 Hand Cart
39:39 Town Watch
40:29 Crop Rotation
39:39 Elite Genoese Crossbowman
40:18 Bodkin Arrow
41:39 Bracer
43:24 Hoardings
43:33 Scale Barding Armor
43:39 Forging
44:51 Husbandry
45:02 Bloodlines
44:14 Light Cavalry
46:01 Chain Barding Armor
46:16 Iron Casting
47:20 Hussar
Connection lost

Rejoining the realm…

Still unreachable

The connection could not be restored.

Session expired

The server has moved on; the page needs a fresh start.